 Seeded DCSS version 0.30-a0-585-g93115170b9 (webtiles) character file.

Game seed: 20230103 (custom seed)

204 a11behringer the Chopper (level 5, -10/38 (45) HPs)
             Began as a Hill Orc Reaver on Jan 3, 2023.
             Mangled by Edmund
             ... wielding a +1 heavy dire flail
              (18 damage)
             ... on level 4 of the Dungeon.
             The game lasted 00:07:59 (2819 turns).

a11behringer the Chopper (Hill Orc Reaver)          Turns: 2819, Time: 00:08:00

HP:   -10/38 (45)   AC:  6    Str: 17    XL:     5   Next: 82%
MP:   5/8           EV: 11    Int: 13    God:
Gold: 178           SH:  0    Dex:  9    Spells: 6/8 levels left

rFire   . . .      SeeInvis +    c - +1 hand axe (flame)
rCold   + . .      Faith    .    (no shield)
rNeg    . . .      Spirit   .    b - +0 leather armour
rPois   .          Reflect  .    (no helmet)
rElec   .          Harm     .    (no cloak)
rCorr   .          Rampage  .    m - +2 pair of gloves
Will    .....                    (no boots)
Stlth   +                        (no amulet)
HPRegen 0.26/turn                d - ring of see invisible
MPRegen 0.11/turn                j - ring of protection from cold

@: heavily drained
A: no striking features
a: no special abilities


You were on level 4 of the Dungeon.
You visited 1 branch of the dungeon, and saw 4 of its levels.

You collected 198 gold pieces.
You spent 20 gold pieces at shops.

Inventory:

Hand Weapons
 a - a +0 hand axe
 c - a +1 hand axe of flaming (weapon)
 o - a +0 war axe
 p - a +0 sling
Missiles
 q - 5 poisoned darts
Armour
 b - a +0 leather armour (worn)
 m - a +2 pair of gloves (worn)
Jewellery
 d - a ring of see invisible (left hand)
 j - a ring of protection from cold (right hand)
Scrolls
 f - 2 scrolls of fog
 h - a scroll of poison {unknown}
 k - a scroll of silence {unknown}
 l - a scroll of enchant armour {unknown}
Potions
 e - 3 potions of attraction
 g - a potion of haste {unknown}
 i - 2 potions of curing {unknown}
 n - a potion of mutation {unknown}
 r - 2 potions of ambrosia
 s - a potion of degeneration {unknown}


   Skills:
 + Level 3.4 Fighting
 * Level 5.9 Axes
 + Level 2.3 Dodging
 + Level 2.3 Spellcasting
 + Level 3.7 Conjurations


You had 6 spell levels left.
You knew the following spells:

 Your Spells              Type           Power      Damage    Failure   Level
a - Kiss of Death         Conj/Necr      24%        2d7       14%         1
b - Magic Dart            Conj           44%        1d5       6%          1

Your spell library contained the following spells:

 Spells                   Type           Power      Damage    Failure   Level
 Momentum Strike          Conj/Tloc      12%        3d8       22%         2
 Hailstorm                Conj/Ice       6%         3d4       38%         3
 Blink                    Tloc           2%         N/A       43%         2
 Call Imp                 Summ           1%         N/A       43%         2
 Mephitic Cloud           Conj/Pois/Air  4%         N/A       50%         3
 Confusing Touch          Hex            1%         N/A       67%         3
 Lesser Beckoning         Tloc           2%         N/A       67%         3
 Dispel Undead            Necr           1%         3d6       97%         4


Dungeon Overview and Level Annotations

Branches:
Dungeon (4/15)
 Temple: D:4-7

Altars:
Elyvilon
Xom
Zin

Shops:
D:1 *

Annotations:
D:4 Edmund


Message History

You hit Edmund. You burn Edmund.
Edmund is heavily wounded.
Edmund closely misses you.
You hit Edmund but do no damage.
Edmund is heavily wounded.
Edmund hits you with a +1 heavy dire flail!!
Ouch! That really hurt!
* * * LOW HITPOINT WARNING * * *
You hit Edmund. You burn Edmund.
Edmund is severely wounded.
You barely miss Edmund.
Edmund is severely wounded.
Edmund closely misses you.
You slash Edmund! You burn Edmund.
Edmund is almost dead.
You hit the endoplasm but do no damage. The endoplasm closely misses you.
Edmund closely misses you.
You hit Edmund but do no damage.
Edmund is almost dead.
You hit the endoplasm. You burn the endoplasm. The endoplasm freezes you.
You are frozen.
You resist.
* * * LOW HITPOINT WARNING * * *
You hit Edmund but do no damage.
Edmund is almost dead.
You hit the endoplasm. You burn the endoplasm.
You kill the endoplasm!
Edmund barely misses you.
You barely miss Edmund.
Edmund is almost dead.
Edmund completely misses you.
You hit Edmund. You burn Edmund.
Edmund is almost dead.
You hit Edmund. You burn Edmund.
Edmund is almost dead.
Edmund barely misses you.
You closely miss Edmund.
Edmund is almost dead.
Edmund hits you with a +1 heavy dire flail!!
You die...

# ..####
......####
......$..###
......@@...#
...........#
..........##
..........#
?.......###
.......##
....### ####


You could see Edmund (drained).

Vanquished Creatures
  Jessica (D:3)
  Natasha (thrice) (D:3)
  3 adders (D:3)
  4 dart slugs
  4 orcs (D:3)
  4 endoplasms
  3 giant cockroaches
  9 goblins
  5 hobgoblins
  4 kobolds
  4 quokkas
  8 ball pythons
  8 bats
  3 frilled lizards
  2 rats
65 creatures vanquished.

Notes
Turn   | Place    | Note
-------+----------+-------------------------------------------
     0 | D:1      | a11behringer the Hill Orc Reaver began the quest for the
                  | Orb.
     0 | D:1      | Reached XP level 1. HP: 18/18 MP: 3/3
   131 | D:1      | Reached XP level 2. HP: 25/25 MP: 4/4
   323 | D:1      | Found Tanle's General Store.
   329 | D:1      | Reached XP level 3. HP: 30/30 MP: 5/5
   338 | D:1      | Bought a scroll of identify for 20 gold pieces
  1407 | D:3      | Found a shimmering altar of Xom.
  1408 | D:3      | Noticed Jessica
  1409 | D:3      | Found a white marble altar of Elyvilon.
  1417 | D:3      | Killed Jessica
  1418 | D:3      | Reached skill level 5 in Axes
  1418 | D:3      | Reached XP level 4. HP: 17/38 MP: 5/7
  1615 | D:3      | Learned a level 1 spell: Magic Dart
  1888 | D:3      | Noticed Natasha
  1899 | D:3      | Killed Natasha
  1914 | D:3      | Reached XP level 5. HP: 33/45 MP: 8/8
  2321 | D:3      | Noticed Natasha
  2330 | D:3      | Killed Natasha
  2462 | D:3      | Noticed Natasha
  2472 | D:3      | Killed Natasha
  2674 | D:3      | Found a glowing silver altar of Zin.
  2803 | D:4      | Noticed Edmund
  2819 | D:4      | Mangled by Edmund

Illustrated notes

Levels and vault maps discovered:
D:1:      dpeg_arrival_tiny_j, layout_rooms, serial_shops, shop
D:2:      layout_basic
D:3:      layout_loops_corners, zin_treasury,
          chequers_temple_overflow_statue_of_worship,
          hangedman_abyss_or_decor_lesser_grid, minmay_goblin_outpost,
          uniq_natasha, uniq_jessica
D:4:      layout_cave_pods, trog_ov_bears_minmay, st_stairs_7, uniq_edmund

Skill      XL: |  1  2  3 |
---------------+----------+-----
Fighting       | 3 |  3.4
Axes           | 5 |  5.9
Dodging        | 2 |  2.3
Spellcasting   | 2 |  2.3
Conjurations   | |  3.7

Action                   |  1- 3 |  4- 6 || total
-------------------------+-------+-------++-------
Melee: Hand axe          |    76 |   100 ||   176
 Cast: Magic Dart        |       |    14 ||    14
       Kiss of Death     |       |     1 ||     1
  Use: Scroll            |     2 |     1 ||     3
Armor: Leather armour    |    30 |    35 ||    65
Dodge: Dodged            |    43 |    54 ||    97

Table legend: (Time is in decaauts)
 A = Elapsed time spent in this place.
 B = Non-inter-level travel time spent in this place.
 C = Inter-level travel time spent in this place.
 D = Time resting spent in this place.
 E = Time spent auto-exploring this place.
 F = Levels seen in this place.
 G = Mean time per level.
                   A        B        C        D        E       F      G
               +--------+--------+--------+--------+--------+-----+--------+
         Total |   2849 |   2616 |    233 |      0 |   2183 |   4 |  712.2 |
       Dungeon |   2849 |   2616 |    233 |      0 |   2183 |   4 |  712.2 |
               +--------+--------+--------+--------+--------+-----+--------+

Top non-repeatable levels by time:
     D:3: 1472 daAuts
     D:2: 892 daAuts
     D:1: 469 daAuts
     D:4: 15 daAuts
